 Dungeon Crawl Stone Soup version 0.23.2-1-ga50397a (webtiles) character file.

Game seed: 16005947142279393477

64 goulibeur the Skirmisher (level 3, 0/33 HPs)
             Began as a Draconian Berserker on May 20, 2019.
             Was a Believer of Trog.
             Shot with a sling bullet by a goblin (6 damage)
             ... led by Robin
             ... on level 2 of the Dungeon.
             The game lasted 00:08:00 (1083 turns).

goulibeur the Skirmisher (Draconian Berserker)      Turns: 1083, Time: 00:08:02

Health: 0/33       AC:  5    Str: 19    XL:     3   Next: 91%
Magic:  3/3        EV: 13    Int:  7    God:    Trog [**....]
Gold:   24         SH:  0    Dex: 11    Spells: 2/2 levels left

rFire    . . .     SeeInvis .   a - +0 mace
rCold    . . .     Gourm    .   (no shield)
rNeg     . . .     Faith    .   (armour unavailable)
rPois    .         Spirit   .   (helmet restricted)
rElec    .         Reflect  .   (no cloak)
rCorr    .         Harm     .   (no gloves)
MR       .....                  (no boots)
Stlth    +.........             (no amulet)
HPRegen  0.11/turn              (no ring)
MPRegen  0.08/turn              (no ring)

@: berserk cooldown, slowed, very slow
A: unfitting armour, cold-blooded, AC +5
a: Berserk, Trog's Hand, Renounce Religion


You were on level 2 of the Dungeon.
You worshipped Trog.
Trog was pleased with you.
You were hungry.

You visited 1 branch of the dungeon, and saw 2 of its levels.

You collected 24 gold pieces.

Inventory:

Hand Weapons
 a - a +0 mace (weapon)
Scrolls
 c - a scroll of identify {unknown}
 e - a scroll of blinking {unknown}
Potions
 d - a potion of curing {unknown}
Comestibles
 b - a ration


   Skills:
 + Level 3.9 Fighting
 + Level 3.5 Maces & Flails
 + Level 1.3 Throwing
 + Level 3.2 Dodging


You had 2 spell levels left.
You didn't know any spells.
Your spell library was empty.

Dungeon Overview and Level Annotations

Branches:
Dungeon (2/15)

Altars:


Innate Abilities, Weirdness & Mutations

Your plain brown scales are hard. (AC +5)
You cannot fit into any form of body armour.
You are cold-blooded and may be slowed by cold attacks.


Message History

The goblin completely misses you. The hobgoblin hits you with a +0 club.
The goblin barely misses you. The goblin completely misses you.
The goblin closely misses you. The goblin hits you but does no damage.
The goblin closely misses you. The hobgoblin closely misses you.
The goblin closely misses you.
You closely miss the goblin.
The goblin is heavily wounded.
The hobgoblin no longer looks unusually strong.
The goblin closely misses you. The goblin hits you. The goblin misses you.
The goblin closely misses you. The hobgoblin hits you with a +0 club.
* * * LOW HITPOINT WARNING * * *
The goblin closely misses you. The goblin barely misses you.
The goblin unwields a +0 dagger.
The goblin wields a +0 hunting sling.
The goblin shoots a sling bullet.
The sling bullet hits you but does no damage.
The goblin misses you. The goblin barely misses you.
The hobgoblin hits you with a +0 club.
* * * LOW HITPOINT WARNING * * *
The goblin shoots a sling bullet.
The sling bullet hits you.
You die... ....... ...).g ..... ... ...... .>. #... .#...g #.# ...... ###.g #(# ...... ggg

#g###......
g.g.
##gg.......
#.gg.....##
#@gg....##
#.g.....#
#..<%.###
#.....##
#.....#
#..##.#
.....#..
..........
...... ....


You could see 3 hobgoblins and 5 goblins.

Vanquished Creatures
  Robin (D:2)
  4 dart slugs (D:1)
  3 leopard geckos (D:1)
  6 bats
  3 giant cockroaches (D:1)
  6 goblins
  6 hobgoblins
  3 frilled lizards (D:1)
  3 kobolds (D:1)
  4 rats (D:1)
39 creatures vanquished.

Notes
Turn   | Place    | Note
-------+----------+-------------------------------------------
     0 | D:1      | goulibeur the Draconian Berserker began the quest for the
                  | Orb.
     0 | D:1      | Reached XP level 1. HP: 19/19 MP: 1/1
    33 | D:1      | Reached XP level 2. HP: 12/26 MP: 2/2
   544 | D:1      | Reached skill level 1 in Throwing
   632 | D:1      | Reached XP level 3. HP: 33/33 MP: 3/3
   718 | D:1      | Reached ** piety under Trog
  1054 | D:2      | Noticed Robin
  1071 | D:2      | Killed Robin
  1083 | D:2      | Shot with a sling bullet by a goblin

Skill      XL: |  1  2 |
---------------+-------+-----
Dodging        | 3 |  3.2
Throwing       | 1 |  1.3
Fighting       | |  3.9
Maces & Flails | |  3.5

Action                   || total
-------------------------++-------
Melee: Mace              ||   112
       Tailslap          ||    11
Invok: Berserk           ||     1
  Eat: Chunk             ||     1
Armor: Skin              ||    43
Dodge: Dodged            ||   133
